Map: Moonlight Madness LE (Void)

Players

Javert - Winner!

  • Race: Zerg Zerg
  • League: Silver

Dreamer

  • Race: Protoss Protoss
  • League: Grandmaster

VOD

Have the link to the VOD?

Description

Time

  • Played on: July 17, 2015, 12:48 a.m.
  • Length: 9:20
Show
View Real Time Build Order
Export as new Build Order

Javert Zerg - Winner!

Build Orders: Hatch First 

Get SALT Encoding   

  12  0:01  Drone  
  13  0:13  Drone  
  14  0:17  Overlord  
  14  0:44  Hatchery  
  14  0:48  Drone  
  14  0:49  Drone  
  15  0:58  Drone  
  16  1:08  Drone  
  17  1:12  Drone  
  18  1:18  Spawning Pool  
  18  1:23  Drone  
  18  1:33  Drone  
  19  1:43  Overlord  
  19  1:57  Extractor  
  19  1:58  Drone x2  
  20  2:11  Queen  
  20  2:13  Hatchery  
  21  2:17  Drone x2  
  21  2:18  Drone  
  24  2:24  Zergling x2  
  24  2:25  Zergling x2  
  26  2:31  Drone  
  26  2:36  Drone  
  28  2:40  Drone  
  29  2:52  Drone x2  
  29  2:53  Queen  
  33  3:04  Overlord  
  33  3:17  Drone x3  
  36  3:23  Overlord  
  36  3:25  Queen  
  38  3:38  Drone x7  
  38  3:39  Drone  
  46  3:49  Drone x3  
  46  3:52  Metabolic Boost  
  46  3:53  Lair  
  49  3:58  Drone  
  49  3:59  Drone x4  
  54  4:13  Drone  
  54  4:14  Drone  
  54  4:15  Overlord  
  56  4:17  Overlord  
  56  4:26  Zergling x4  
  58  4:34  Extractor  
  58  4:37  Extractor  
  56  4:40  Extractor  
  54  4:57  Drone  
  54  4:58  Drone x15  
  70  5:09  Evolution Chamber x2  
  70  5:11  Spire, Zergling x12  
  73  5:17  Spine Crawler  
  73  5:18  Spine Crawler  
  70  5:21  Spine Crawler  
  70  5:23  Overlord  
  70  5:24  Overlord  
  69  5:34  Overseer  
  69  5:37  Extractor  
  69  5:38  Drone x3, Extractor  
  69  5:39  Drone x3  
  69  5:42  Zerg Ground Armor Level 1, Zerg Melee Weapons Level 1  
  71  5:53  Overlord x2  
  70  6:00  Drone x5  
  75  6:04  Overlord x3  
  75  6:16  Overlord  
  75  6:18  Drone x10  
  85  6:27  Mutalisk x2  
  85  6:28  Spore Crawler  
  85  6:29  Mutalisk  
  85  6:30  Mutalisk x4  
  98  6:36  Hatchery, Mutalisk x2  
  101  6:44  Zerg Flyer Weapons Level 1  
  102  6:47  Zergling x10  
  102  6:53  Mutalisk x2  
  110  7:06  Mutalisk x2  
  113  7:17  Overlord  
  113  7:18  Overlord x2  
  113  7:30  Queen  
  112  7:45  Zergling x22  
  113  7:59  Infestation Pit  
  113  8:03  Mutalisk x5  
  118  8:06  Queen  
  120  8:18  Roach Warren  
  120  8:19  Hydralisk Den  
  118  8:23  Zergling x8  
  118  8:24  Zergling x6  
  124  8:35  Drone x2  
  124  8:36  Drone, Overlord x2  
  125  8:42  Hatchery  
  125  8:44  Hatchery  
Show
View Real Time Build Order
Export as new Build Order

Dreamer Protoss 

Build Orders: Forge Fast Expand (FFE) 

Get SALT Encoding   

  12  0:01  Probe  
  13  0:18  Probe  
  13  0:20  Pylon  
  14  0:39  Forge  
  14  0:40  Probe (Chrono Boost)  
  16  0:50  Probe (Chrono Boost)  
  16  0:57  Probe (Chrono Boost)  
  17  1:10  Probe (Chrono Boost)  
  18  1:18  Nexus  
  18  1:21  Probe  
  19  1:35  Probe  
  19  1:37  Pylon  
  20  1:42  Gateway  
  20  1:46  Assimilator  
  20  1:52  Assimilator  
  20  1:56  Probe (Chrono Boost)  
  21  2:06  Probe (Chrono Boost)  
  22  2:17  Probe  
  23  2:26  Photon Cannon  
  23  2:32  Probe  
  23  2:33  Probe  
  25  2:38  Zealot  
  25  2:39  Cybernetics Core  
  25  2:44  Probe  
  28  2:56  Probe x2 (Chrono Boost)  
  30  3:04  Gateway  
  32  3:06  Probe x2 (Chrono Boost)  
  32  3:09  Protoss Ground Weapons Level 1 (Chrono Boost)  
  32  3:18  Mothership Core (Chrono Boost)  
  34  3:21  Warp Gate (Chrono Boost)  
  34  3:30  Robotics Facility  
  34  3:33  Probe (Chrono Boost)  
  35  3:39  Probe (Chrono Boost)  
  36  3:44  Probe (Chrono Boost)  
  36  3:45  Pylon  
  36  3:47  Probe (Chrono Boost)  
  38  3:54  Probe  
  39  3:56  Probe  
  40  4:04  Gateway  
  40  4:05  Gateway  
  40  4:08  Probe x2  
  42  4:26  Warp Prism  
  42  4:31  Probe x2  
  46  4:33  Pylon  
  46  4:51  Probe x2  
  47  5:04  Assimilator  
  47  5:07  Assimilator  
  47  5:13  Stalker  
  49  5:14  Protoss Ground Armor Level 1 (Chrono Boost)  
  49  5:19  Pylon, Robotics Bay  
  49  5:26  Zealot x3  
  55  5:45  Zealot  
  53  5:50  Probe  
  53  5:51  Probe  
  53  5:53  Sentry x2  
  53  5:54  Zealot x2  
  61  6:04  Pylon  
  61  6:05  Pylon  
  61  6:07  Nexus  
  61  6:09  Pylon  
  61  6:11  Pylon  
  61  6:14  Pylon  
  61  6:18  Pylon  
  61  6:19  Stalker x3  
  70  6:32  Disruptor (Chrono Boost), Pylon  
  70  6:33  Robotics Facility  
  70  6:35  Zealot  
  72  6:41  Twilight Council  
  72  6:43  Gateway  
  72  6:49  Gateway  
  72  6:50  Gateway  
  72  6:52  Zealot  
  72  6:53  Zealot  
  76  6:59  Photon Cannon  
  76  7:00  Gateway x2  
  77  7:15  Photon Cannon  
  77  7:16  Disruptor (Chrono Boost)  
  77  7:17  Stalker  
  77  7:18  Stalker  
  81  7:23  Photon Cannon  
  77  7:31  Photon Cannon  
  77  7:35  Zealot x2  
  75  7:48  Stalker x2  
  75  8:02  Stalker  
  75  8:03  Stalker  
  73  8:21  Probe x2  
  73  8:24  Stargate  
  75  8:29  Disruptor x2  
  75  8:34  Zealot  
  75  8:35  Zealot x2  
Tags
 
Add a new tag
Caveats
  • Supply blocks, unpowered buildings, or Contaminate may cause inaccurate times.
  • Supply counts are checked every 10 seconds.